 Dungeon Crawl Stone Soup version 0.32-a0-616-g9348d4545b (webtiles) character file.

Game seed: 7577521012649315823

1589 Fodor the Chopper (level 8, -4/71 HPs)
             Began as a Minotaur Fighter on Mar 5, 2024.
             Was an Initiate of Gozag.
             Slain by an orc warrior
             ... wielding a +0 battleaxe
              (10 damage)
             ... on level 7 of the Dungeon.
             The game lasted 00:25:28 (5736 turns).

Fodor the Chopper (Minotaur Fighter)                Turns: 5736, Time: 00:25:28

Health: -4/71      AC: 15    Str: 24    XL:     8   Next: 61%
Magic:  7/7        EV:  9    Int:  5    God:    Gozag
Gold:   480        SH:  5    Dex:  9    Spells: 7/7 levels left

rFire   . . .        a - +5 flail (heavy)
rCold   . . .        c - +0 buckler
rNeg    . . .        b - +0 chain mail
rPois   .            (helmet restricted)
rElec   .            A - scarf {repulsion}
rCorr   .            (no gloves)
SInv    .            z - +0 pair of boots
Will    .....        (no amulet) Stlth
                     D - +4 ring of protection
HPRegen 0.31/turn    (no ring)
MPRegen 0.10/turn

%: repel missiles
@: mesmerised
A: horns 2, retaliatory headbutt
a: Renounce Religion, Potion Petition, Call Merchant, Bribe Branch


You were on level 7 of the Dungeon.
You worshipped Gozag.
Gozag was aware of your devotion.
You visited 2 branches of the dungeon, and saw 8 of its levels.

You collected 610 gold pieces.
You spent 22 gold pieces at shops.
You paid 108 gold pieces to Gozag.

Inventory:

Hand Weapons
 a - a +5 heavy flail (weapon)
 y - a +0 sling of freezing
Armour
 b - a +0 chain mail (worn)
 c - a +0 buckler (worn)
 z - a +0 pair of boots (worn)
 A - a scarf of repulsion (worn)
Jewellery
 B - a ring of poison resistance
 D - a +4 ring of protection (left hand)
 E - a ring of magical power
Talismans
 w - a flux talisman
 x - a storm talisman
Wands
 d - a wand of flame (27)
Scrolls
 e - 3 scrolls of noise
 f - a scroll of fear
 i - a scroll of amnesia
 j - a scroll of teleportation {unknown}
 k - 4 scrolls of poison
 l - 2 scrolls of vulnerability {unknown}
 n - 6 scrolls of fog
 r - 2 scrolls of enchant weapon {unknown}
 s - 2 scrolls of immolation {unknown}
 v - 3 scrolls of silence
 F - a scroll of revelation {unknown}
Potions
 g - 2 potions of attraction {unknown}
 h - 3 potions of brilliance {unknown}
 m - a potion of enlightenment {unknown}
 o - a potion of curing
 p - 3 potions of cancellation {unknown}
 q - 2 potions of lignification {unknown}
 t - a potion of invisibility {unknown}
 u - a potion of haste {unknown}
 C - a potion of degeneration {unknown}


   Skills:
 + Level 6.4 Fighting
 + Level 7.9(8.0) Axes
 + Level 1.2(5.1) Maces & Flails
 + Level 3.9 Ranged Weapons
 + Level 6.6 Armour
 + Level 2.3 Dodging
 + Level 1.0 Stealth
 + Level 5.5 Shields


You had 7 spell levels left.
You didn't know any spells.
Your spell library was empty.

Dungeon Overview and Level Annotations

Branches:
Dungeon (7/15)             Temple (1/1) D:5

Altars:
Ashenzari
Cheibriados
Dithmenos
Elyvilon
Fedhas
Gozag
Hepliaklqana
Kikubaaqudgha
Makhleb
Okawaru
Qazlal
Ru
Sif Muna
Trog
Uskayaw
Yredelemnul
Zin
The Shining One

Shops:
D:1 *   D:3 =   D:5 =

Annotations:
D:7 Maggie


Innate Abilities, Weirdness & Mutations

You have a pair of horns on your head.
You reflexively headbutt those who attack you in melee.


Message History

The orc hits you but does no damage.
The orc warrior hits you but does no damage.
You block the orc priest's attack. Maggie closely misses you.
You bludgeon Maggie!!
Maggie is almost dead.
The orc hits you but does no damage. Something hits you but does no damage.
The orc warrior completely misses you. Maggie hits you but does no damage.
The orc priest looks braver for a moment.
The orc barely misses you.
The orc priest calls down the wrath of Beogh upon you.
Beogh smites you!
* * * LOW HITPOINT WARNING * * *
The orc warrior completely misses you. Something hits you.
* * * LOW HITPOINT WARNING * * *
Maggie barely misses you.
You closely miss Maggie.
Maggie is almost dead.
The orc hits you from afar with a +0 trident.
* * * LOW HITPOINT WARNING * * *
You hear some strange, mumbled words.
A magic dart appears from out of thin air!
The magic dart hits you.
* * * LOW HITPOINT WARNING * * *
The orc warrior closely misses you.
Maggie points at you and mumbles some strange words.
The bolt of fire is repelled.
The orc priest hits you with a +0 flail.
* * * LOW HITPOINT WARNING * * *
You block the orc's attack. Something hits you but does no damage.
The orc warrior hits you with a +0 battleaxe!
* * * LOW HITPOINT WARNING * * *
The orc priest hits you with a +0 flail.
* * * LOW HITPOINT WARNING * * *
Maggie points at you and mumbles some strange words.
The bolt of fire is repelled.
You feel better. The orc hits you but does no damage.
Something hits you but does no damage.
The orc warrior hits you with a +0 battleaxe!
You die...
Your body crumbles into a pile of gold.

#
##.....##........#.....##
##
#...#####..............#
.#
............#.........##
.#.............#........##
...##................####
<..# ...............#
....# ...........## ..#...
...#.{o.....# ..#...
...#o@@.....# ...... .
#.o#......# .[...
...o.#....[## ...##
...>...#....##
......##.##... ...... ...
.... ...... ... ....
...... .# ..


You could see Maggie (mesmerising), an orc warrior, an orc priest and 2 orcs.

Vanquished Creatures
  Sigmund (D:5)
  Edmund (D:5)
  2 black bears
  A sky beast (D:5)
  A phantom (D:6)
  2 scorpions
  A howler monkey (D:5)
  A bombardier beetle (D:3)
  A gnoll bouda (D:5)
  4 hounds
  3 orc priests (D:4)
  3 jellies
  An iguana (D:5)
  Ijyb (D:5)
  2 orc wizards
  5 gnolls (D:5)
  14 adders
  A shadow imp (D:6)
  6 ufetubi (D:5)
  2 dart slugs (D:4)
  21 orcs
  10 ball pythons
  8 bats
  10 endoplasms
  3 giant cockroaches
  12 goblins
  5 hobgoblins
  5 jackals
  2 quokkas
  5 frilled lizards
  8 kobolds
  4 rats
146 creatures vanquished.

Notes
Turn   | Place    | Note
-------+----------+-------------------------------------------
     0 | D:1      | Fodor the Minotaur Fighter began the quest for the Orb.
     0 | D:1      | Reached XP level 1. HP: 19/19 MP: 0/0
   148 | D:1      | Reached XP level 2. HP: 27/27 MP: 1/1
   178 | D:1      | Found Xaneti's General Store.
   193 | D:1      | Bought a scroll of identify for 22 gold pieces
   488 | D:1      | Reached XP level 3. HP: 33/33 MP: 2/2
   499 | D:1      | Reached skill level 3 in Axes
   499 | D:1      | Reached skill level 1 in Dodging
  1104 | D:2      | Reached XP level 4. HP: 36/41 MP: 3/3
  1551 | D:3      | Found Warail Dasy's Jewellery Shoppe.
  2122 | D:3      | Reached skill level 4 in Axes
  2173 | D:3      | Reached XP level 5. HP: 47/47 MP: 4/4
  2833 | D:4      | Reached skill level 5 in Axes
  3004 | D:4      | Reached XP level 6. HP: 53/53 MP: 5/5
  3142 | D:4      | HP: 2/53 [black bear (4)]
  3174 | D:4      | Reached skill level 5 in Fighting
  3184 | D:4      | Reached skill level 6 in Axes
  3184 | D:4      | Reached skill level 5 in Armour
  3362 | D:4      | Upgraded the game from 0.32-a0-612-g1c984fe9d1 to
                  | 0.32-a0-616-g9348d4545b
  3490 | D:4      | Reached XP level 7. HP: 58/61 MP: 6/6
  3663 | D:5      | Entered Level 5 of the Dungeon
  3753 | D:5      | Reached skill level 1 in Ranged Weapons
  3916 | D:5      | Found a transporter.
  3916 | D:5      | Found Boupp's Jewellery Shoppe.
  3920 | D:5      | Found a transporter.
  3957 | D:5      | Found a staircase to the Ecumenical Temple.
  3964 | D:5      | Reached skill level 5 in Shields
  4012 | Temple   | Entered the Ecumenical Temple
  4087 | Temple   | Became a worshipper of Gozag Ym Sagoz the Greedy
  4208 | D:5      | Noticed Ijyb
  4217 | D:5      | Noticed Edmund
  4231 | D:5      | Killed Ijyb
  4240 | D:5      | Killed Edmund
  4241 | D:5      | Reached skill level 7 in Axes
  4241 | D:5      | Reached XP level 8. HP: 19/70 MP: 7/7
  4524 | D:5      | Noticed Sigmund
  4537 | D:5      | Killed Sigmund
  4782 | D:5      | Found a glowing golden altar of the Shining One.
  5103 | D:6      | Reached skill level 1 in Maces & Flails
  5103 | D:6      | Reached skill level 1 in Stealth
  5724 | D:7      | Noticed Maggie
  5735 | D:7      | HP: 2/71 [orc warrior/+0 battleaxe (12)]
  5736 | D:7      | Slain by an orc warrior

Illustrated notes

Levels and vault maps discovered:
D:1:      dpeg_arrival_central, layout_basic, serial_shops,
          nicolae_shop_tiny_glass, st_stairs_4, nrook_campfire,
          minmay_box_of_dots
D:2:      layout_basic
D:3:      layout_basic, serial_shops, nicolae_shop_hallway_stairs
D:4:      layout_cave_pods, fountainhead
D:5:      layout_basic, mainiacjoe_overflow_alcove_2,
          minmay_temple_entry_junction, serial_shops, nicolae_shop_drivethru,
          uniq_sigmund, uniq_ijyb, uniq_edmund
D:6:      layout_basic
D:7:      layout_cave_pools, nzn_wu_jian_council_hall, uniq_maurice, uniq_maggie
Temple:   minmay_temple_bridge_d

Skill      XL: |  1  2  3  4  5  6  7  8 |
---------------+-------------------------+-----
Fighting       | 4 5 6 |  6.4
Shields        | 4 5 |  5.5
Axes           | 3 4 5 6 7 |  7.9
Dodging        | 1 2 |  2.3
Armour         | 4 5 6 |  6.6
Ranged Weapons | 3 |  3.9
Maces & Flails | 1 |  1.2
Stealth        | 1 |  1.0

Action                     |  1- 3 |  4- 6 |  7- 9 || total
---------------------------+-------+-------+-------++-------
  Melee: War axe           |   100 |   130 |    90 ||   320
         Headbutt          |     7 |    15 |    18 ||    40
         Flail             |       |       |    33 ||    33
   Fire: Sling             |       |     2 |    72 ||    74
    Use: Scroll            |       |     4 |     2 ||     6
         Potion            |       |     3 |     3 ||     6
   Stab: Distracted        |       |       |     1 ||     1
 Armour: Scale mail        |    95 |    38 |       ||   133
         Chain mail        |       |   103 |   174 ||   277
  Dodge: Dodged            |    68 |    64 |    90 ||   222
         Repelled          |       |       |     3 ||     3
  Block: Buckler           |    32 |    39 |    46 ||   117

Table legend: (Time is in decaauts)
 A = Elapsed time spent in this place.
 B = Non-inter-level travel time spent in this place.
 C = Inter-level travel time spent in this place.
 D = Time resting spent in this place.
 E = Time spent auto-exploring this place.
 F = Levels seen in this place.
 G = Mean time per level.
                   A        B        C        D        E       F      G
               +--------+--------+--------+--------+--------+-----+--------+
         Total |   5894 |   5563 |    331 |    642 |   3025 |   8 |  736.8 |
       Dungeon |   5745 |   5553 |    192 |    642 |   3025 |   7 |  820.7 |
        Temple |    148 |      9 |    139 |      0 |      0 |   1 |  148.0 |
               +--------+--------+--------+--------+--------+-----+--------+

Top non-repeatable levels by time:
     D:5: 1321 daAuts
     D:3: 1045 daAuts
     D:4: 1022 daAuts
     D:1: 992 daAuts
     D:2: 690 daAuts
     D:6: 591 daAuts
  Temple: 148 daAuts
     D:7: 81 daAuts
